 Dungeon Crawl Stone Soup version 0.32-a0-768-g0f6f1dd4b9 (webtiles) character file.

Game seed: 14146551833386532518

4685 Doorstop00 the Basher (level 10, -2/88 HPs)
             Began as a Minotaur Berserker on Mar 18, 2024.
             Was an Elder of Trog.
             Slain by a catoblepas (7 damage)
             ... while petrified by a catoblepas
             ... on level 7 of the Dungeon.
             The game lasted 00:35:09 (6672 turns).

Doorstop00 the Basher (Minotaur Berserker)          Turns: 6672, Time: 00:35:10

Health: -2/88      AC: 17    Str: 29    XL:     10   Next: 21%
Magic:  3/3        EV:  2    Int:  5    God:    Trog [****..]
Gold:   265        SH:  0    Dex: 12    Spells: 9/9 levels left

rFire   + + .        D - +6 whip of Mandamus {antimagic, Dex+4}
rCold   . . .        (no shield)
rNeg    + + +        x - +3 chain mail {rF+}
rPois   ∞            (helmet restricted)
rElec   .            y - scarf {repulsion}
rCorr   .            i - +0 pair of gloves
SInv    .            (no boots)
Will    .....        (no amulet) Stlth
                     d - ring of protection from fire
HPRegen 0.34/turn    l - +2 ring of protection
MPRegen 0.08/turn

%: repel missiles
@: petrified, on berserk cooldown
A: horns 2, retaliatory headbutt, fangs 1, screaming 1, strong 1
a: Renounce Religion, Berserk, Trog's Hand, Brothers in Arms


You were on level 7 of the Dungeon.
You worshipped Trog.
Trog was greatly pleased with you.
You visited 1 branch of the dungeon, and saw 8 of its levels.

You collected 551 gold pieces.
You spent 286 gold pieces at shops.

Inventory:

Hand Weapons
 h - a +0 war axe
 m - a +2 mace of protection
 r - a +1 whip of electrocution
 D - the +6 whip of Mandamus (weapon) {antimagic, Dex+4}
   (You found it on level 6 of the Dungeon)

   Dex+4:     It affects your dexterity (+4).
Armour
 i - a +0 pair of gloves (worn)
 q - a +0 cloak
 x - a +3 chain mail of fire resistance (worn)
 y - a scarf of repulsion (worn)
 z - a +1 chain mail of cold resistance
 C - a +0 plate armour
Jewellery
 d - a ring of protection from fire (left hand)
 j - an amulet of the acrobat
 l - a +2 ring of protection (right hand)
 H - a ring of willpower
Wands
 f - a wand of acid (8)
 w - a wand of mindburst (9)
Scrolls
 a - a scroll of identify
 b - a scroll of poison
 n - 3 scrolls of fog
 o - 2 scrolls of fear
 s - a scroll of brand weapon {unknown}
 u - a scroll of revelation {unknown}
 E - a scroll of noise {unknown}
 F - 2 scrolls of teleportation
 G - a scroll of immolation {unknown}
 J - a scroll of enchant weapon
Potions
 c - a potion of berserk rage
 e - 3 potions of attraction
 g - 6 potions of curing
 k - 2 potions of enlightenment
 p - 2 potions of cancellation
 t - a potion of resistance {unknown}
 v - a potion of magic {unknown}
 A - a potion of heal wounds {unknown}
 B - 3 potions of might
 I - a potion of lignification {unknown}


   Skills:
 * Level 7.9 Fighting
 * Level 7.1(10.0) Axes
 * Level 10.8(11.7) Maces & Flails
 * Level 8.0 Armour
 * Level 7.0 Dodging
 + Level 1.0 Stealth
 + Level 0.1 Evocations


You had 9 spell levels left.
You didn't know any spells.
Your spell library was empty.

Dungeon Overview and Level Annotations

Branches:
Dungeon (8/15)             Temple (0/1) D:5
   Lair: D:8-11

Altars:
Ashenzari
Dithmenos
Elyvilon
Gozag
Kikubaaqudgha
Makhleb
Nemelex Xobeh
Wu Jian
Xom
Yredelemnul

Shops:
D:2 =   D:5 *   D:7 =

Annotations:
D:5 2 transporters


Innate Abilities, Weirdness & Mutations

You have a pair of horns on your head.
You reflexively headbutt those who attack you in melee.
You have very sharp teeth.
You occasionally shout uncontrollably at your foes.
Your muscles are strong. (Str +4, Int/Dex -1)


Message History

The catoblepas breathes a plume of calcifying dust at you.
The blast of calcifying dust hits you. The catoblepas gores you.
Your limbs are stiffening.
There is a stone staircase leading up, spattered with blood here.
You are engulfed in calcifying dust.
Your limbs have turned to stone.
The catoblepas breathes a plume of calcifying dust at you.
The blast of calcifying dust hits you!
* * * LOW HITPOINT WARNING * * *
The catoblepas completely misses you. The catoblepas barely misses you.
You have turned to stone.
You stop ascending the stairs.
You are engulfed in calcifying dust.
The catoblepas breathes a plume of calcifying dust at you.
The blast of calcifying dust hits you.
* * * LOW HITPOINT WARNING * * *
You are engulfed in calcifying dust.
The catoblepas gores you but does no damage.
The catoblepas breathes a plume of calcifying dust at you.
The blast of calcifying dust hits you but does no damage.
You are engulfed in calcifying dust.
The catoblepas gores you!!
* * * LOW HITPOINT WARNING * * *
You are engulfed in calcifying dust.
The catoblepas gores you.
* * * LOW HITPOINT WARNING * * *
You are engulfed in calcifying dust.
The catoblepas gores you but does no damage.
You turn to flesh and can move again.
You are engulfed in calcifying dust.
You are slowing down.
The catoblepas gores you!!
* * * LOW HITPOINT WARNING * * *
You climb upwards.
You feel yourself speed up.
You have turned to stone.
The catoblepas breathes a plume of calcifying dust at you.
The blast of calcifying dust hits you but does no damage.
You are engulfed in calcifying dust.
The catoblepas breathes a plume of calcifying dust at you.
The blast of calcifying dust hits you.
* * * LOW HITPOINT WARNING * * *
You are engulfed in calcifying dust.
The catoblepas gores you!
You die...

#...#....#.#...#.#'###........
#...#....#.#.∩.#.....####.....
#..[#....#.#...#.....#..#.....
#...#....#.#.>.#.....#..#.....
#...#......#...#.....#..#.....
#...#......#####.....#..#.....
#...#...[.[..........#..#.....
#...#...)##...#.[....#'##.....
#...#....##÷Y@#.>)...#..+.....
#...#.....'...+.†[...#..#.....
#...#.....#...#......##'#.....
#...#...÷##...###+##......####
#...#....##...##...#......#...
#...'.....+........'......#...
#...#.....#........#......#...
#...#.....#........#......####
#...#....##...##...#......#...


You could see a catoblepas.

Vanquished Creatures
  Pikel (D:3)
  Joseph (D:8)
  Sigmund (D:5)
  A wraith (D:8)
  3 yaks
  Eustachio (D:5)
  2 water moccasins
  Duvessa (D:4)
  An orc warrior (D:6)
  4 ice beasts
  4 sky beasts
  A centaur (D:7)
  3 ogres
  A kobold brigand (D:7)
  Blork the orc (D:5)
  5 bullfrogs
  2 scorpions (D:5)
  5 wights
  Dowan (D:4)
  A howler monkey (D:6)
  A jelly (D:5)
  An orc priest (D:6)
  A gnoll bouda (D:5)
  4 hounds
  2 iguanas (D:7)
  2 sleepcaps
  Jessica (D:2)
  Ijyb (D:5)
  7 gnolls
  11 adders
  2 shadow imps
  3 dart slugs
  A ribbon worm (D:2)
  17 orcs
  3 bats (D:1)
  4 endoplasms
  3 giant cockroaches
  13 hobgoblins
  2 jackals (D:5)
  15 kobolds
  4 quokkas
  15 ball pythons
  3 frilled lizards
  10 goblins
  3 rats
169 creatures vanquished.

Notes
Turn   | Place    | Note
-------+----------+-------------------------------------------
     0 | D:1      | Doorstop00 the Minotaur Berserker began the quest for the
                  | Orb.
     0 | D:1      | Reached XP level 1. HP: 19/19 MP: 0/0
   308 | D:1      | Reached XP level 2. HP: 27/27 MP: 1/1
   325 | D:1      | Gained mutation: You occasionally shout uncontrollably at
                  | your foes. [potion of mutation]
   325 | D:1      | Gained mutation: You have very sharp teeth. [potion of
                  | mutation]
   325 | D:1      | Gained mutation: Your muscles are strong. (Str +4, Int/Dex
                  | -1) [potion of mutation]
   740 | D:1      | Reached ** piety under Trog
   750 | D:1      | Reached XP level 3. HP: 33/33 MP: 2/2
   769 | D:1      | Found a faded altar of an unknown god.
  1173 | D:2      | Found a basalt altar of Yredelemnul.
  1184 | D:2      | Reached skill level 5 in Axes
  1212 | D:2      | Reached XP level 4. HP: 41/41 MP: 3/3
  1226 | D:2      | Found Cecetal's One-of-a-Kind Rings.
  1237 | D:2      | Bought a +2 ring of protection for 130 gold pieces
  1251 | D:2      | Noticed Jessica
  1278 | D:2      | Killed Jessica
  1778 | D:3      | Reached XP level 5. HP: 45/47 MP: 4/4
  1876 | D:3      | Found a shimmering altar of Xom.
  1879 | D:3      | Reached skill level 5 in Fighting
  2174 | D:3      | Reached *** piety under Trog
  2175 | D:3      | Reached skill level 1 in Maces & Flails
  2296 | D:4      | Noticed Dowan
  2297 | D:4      | Noticed Duvessa
  2346 | D:4      | Killed Duvessa
  2347 | D:4      | Reached XP level 6. HP: 56/56 MP: 5/5
  2348 | D:4      | Killed Dowan
  2349 | D:4      | Reached skill level 2 in Maces & Flails
  2427 | D:4      | Noticed a water moccasin
  2431 | D:4      | Killed a water moccasin
  2482 | D:4      | Reached XP level 7. HP: 61/61 MP: 6/6
  2490 | D:4      | Noticed Pikel
  2497 | D:4      | Reached skill level 3 in Maces & Flails
  2516 | D:3      | Killed Pikel
  2517 | D:3      | Reached skill level 5 in Maces & Flails
  2517 | D:3      | Reached skill level 5 in Armour
  2517 | D:3      | Reached skill level 5 in Dodging
  2667 | D:4      | Found a burning altar of Makhleb.
  2993 | D:5      | Entered Level 5 of the Dungeon
  2998 | D:5      | Reached XP level 8. HP: 65/70 MP: 7/7
  3055 | D:5      | Found a transporter.
  3060 | D:5      | Found a transporter.
  3060 | D:5      | Noticed a two-headed ogre
  3201 | D:5      | Found a sparkling altar of Nemelex Xobeh.
  3234 | D:5      | Found a staircase to the Ecumenical Temple.
  3260 | D:5      | Found an ancient bone altar of Kikubaaqudgha.
  3271 | D:5      | Found an opulent altar of Gozag.
  3272 | D:5      | Noticed Blork the orc
  3277 | D:5      | Killed Blork the orc
  3278 | D:5      | Reached skill level 6 in Maces & Flails
  3482 | D:5      | Noticed Eustachio
  3484 | D:5      | Noticed Ijyb
  3492 | D:5      | Killed Ijyb
  3505 | D:5      | Killed Eustachio
  3506 | D:5      | Reached skill level 7 in Maces & Flails
  3700 | D:5      | Found a white marble altar of Elyvilon.
  3861 | D:5      | Noticed Sigmund
  3872 | D:5      | Killed Sigmund
  3906 | D:5      | Found Tyas's Neck Hole.
  3928 | D:5      | Bought a scarf of repulsion for 156 gold pieces
  4102 | D:5      | Reached skill level 8 in Maces & Flails
  4102 | D:5      | Reached XP level 9. HP: 71/78 MP: 8/8
  4418 | D:6      | Reached **** piety under Trog
  4437 | D:6      | Identified the +6 whip of Mandamus {antimagic, Dex+4}
  4456 | D:6      | Reached skill level 9 in Maces & Flails
  4497 | D:6      | Found a shadowy altar of Dithmenos.
  4933 | D:7      | Reached skill level 1 in Stealth
  5226 | D:7      | Found Beshralogg's Jewellery Shoppe.
  5521 | D:7      | Found an ornate altar of the Wu Jian Council.
  6006 | D:8      | Reached skill level 10 in Maces & Flails
  6249 | D:8      | Reached XP level 10. HP: 81/88 MP: 3/9
  6249 | D:8      | Noticed Joseph
  6267 | D:8      | Killed Joseph
  6396 | D:8      | Found a broken altar of Ashenzari.
  6498 | D:8      | Noticed a catoblepas
  6672 | D:7      | Slain by a catoblepas

Illustrated notes

Levels and vault maps discovered:
D:1:      dpeg_arrival_prison, layout_basic, basic_ecumenical_altar
D:2:      cheibrodos_greedy_goblins, layout_rooms, basic_altar,
          nicolae_shop_unique_rings, uniq_jessica
D:3:      layout_rooms, lemuel_crystal_altar, minmay_shallow_snake_nest
D:4:      layout_rooms, lightli_temple_of_fire, uniq_duvessa, uniq_pikel
D:5:      layout_loops_ring, gammafunk_temple_overflow_arena, elyvilon_altar_5,
          mainiacjoe_overflow_large_starburst, minmay_temple_entry_stoned_glass,
          grunt_ministairs_14, nicolae_shop_sticking_my_neck_out, uniq_sigmund,
          uniq_eustachio, uniq_ijyb, uniq_blork_the_orc
D:6:      layout_cave_pools, nicolae_dithmenos_the_darkroom,
          chequers_hall_statues_corner_a
D:7:      minmay_spotlight, layout_gridville, general_overflow_altar,
          serial_shops, nicolae_take_the_stairs
D:8:      hangedman_cross_veins, layout_basic, ashenzari_altar_1, uniq_joseph

Skill      XL: |  1  2  3  4  5  6  7  8  9 10 |
---------------+-------------------------------+-----
Axes           | 4 5 6 7 |  7.1
Fighting       | 4 5 6 7 |  7.9
Armour         | 3 4 5 7 8 |  8.0
Dodging        | 3 4 5 6 7 |  7.0
Maces & Flails | 1 2 5 8 10 | 10.8
Stealth        | 1 |  1.0
Evocations     | |  0.1

Action                     |  1- 3 |  4- 6 |  7- 9 | 10-12 || total
---------------------------+-------+-------+-------+-------++-------
  Melee: Hand axe          |    52 |    43 |       |       ||    95
         Headbutt          |    12 |    20 |    45 |    13 ||    90
         Mace              |       |    64 |   130 |       ||   194
         Bite              |       |    10 |    17 |     4 ||    31
         Whip              |       |       |    87 |    49 ||   136
 Invoke: Berserk           |       |     2 |     5 |     2 ||     9
  Evoke: Wand              |       |       |     1 |       ||     1
    Use: Scroll            |     4 |     1 |     9 |       ||    14
         Potion            |     1 |     1 |     2 |       ||     4
 Armour: Animal skin       |     7 |       |       |       ||     7
         Ring mail         |    28 |    87 |       |       ||   115
         Steam dragon scal |       |    25 |    55 |       ||    80
         Chain mail        |       |       |   111 |    60 ||   171
  Dodge: Dodged            |    29 |    83 |   121 |    13 ||   246
         Repelled          |       |       |     4 |     3 ||     7

Table legend: (Time is in decaauts)
 A = Elapsed time spent in this place.
 B = Non-inter-level travel time spent in this place.
 C = Inter-level travel time spent in this place.
 D = Time resting spent in this place.
 E = Time spent auto-exploring this place.
 F = Levels seen in this place.
 G = Mean time per level.
                   A        B        C        D        E       F      G
               +--------+--------+--------+--------+--------+-----+--------+
         Total |   6717 |   6639 |     78 |    912 |   3499 |   8 |  839.6 |
       Dungeon |   6717 |   6639 |     78 |    912 |   3499 |   8 |  839.6 |
               +--------+--------+--------+--------+--------+-----+--------+

Top non-repeatable levels by time:
     D:7: 1248 daAuts
     D:5: 1191 daAuts
     D:1: 1039 daAuts
     D:2: 725 daAuts
     D:3: 722 daAuts
     D:6: 647 daAuts
     D:8: 581 daAuts
     D:4: 560 daAuts
